 Dungeon Crawl Stone Soup version 0.28.0-47-ge53b351184 (webtiles) character file.

Game seed: 12013819984652404963

53699 pkoi the Zephyrmancer (level 14, -2/133 HPs)
             Began as a Demigod Air Elementalist on Apr 25, 2022.
             Slain by a death yak (19 damage)
             ... on level 5 of the Lair of Beasts.
             The game lasted 00:55:23 (36265 turns).

pkoi the Zephyrmancer (Demigod Air Elementalist)   Turns: 36265, Time: 00:55:23

Health: -2/133     AC: 10    Str:  9    XL:     14   Next: 0%
Magic:  14/31      EV: 20    Int: 33    God:
Gold:   881        SH:  0    Dex: 14    Spells: 11/30 levels left

rFire   + + .      SeeInvis .   r - staff of fire
rCold   x . .      Faith    .   (no shield)
rNeg    . . .      Spirit   .   N - +3 salamander hide armour {Flames rF++ rC--}
rPois   .          Reflect  .   (no helmet)
rElec   .          Harm     .   g - scarf {repulsion}
rCorr   .          Rampage  .   y - +1 pair of gloves
Will    +....                   J - +0 pair of boots
Stlth   ++........              O - amulet of Vitality {Regen+ HP+15}
HPRegen 1.12/turn               n - +4 ring of evasion
MPRegen 0.22/turn               b - ring of ice

@: repel missiles
A: high MP 1, forlorn, divine attributes
a: no special abilities


You were on level 5 of the Lair of Beasts.
You visited 2 branches of the dungeon, and saw 16 of its levels.
You also visited: Gauntlet and Volcano.

You collected 989 gold pieces.
You spent 108 gold pieces at shops.

Inventory:

Hand Weapons
 A - the +7 dagger of the World {protect, *Noise Str+4 Dex+2 SInv Stlth+}
   (You found it on level 5 of the Dungeon)

   It grants its wielder temporary protection when it strikes (+7 to AC).
   Str:       It affects your strength (+4).
   Dex:       It affects your dexterity (+2).
   SInv:      It lets you see invisible.
   *Noise:    It may make noises in combat.
   Stlth:     It makes you more stealthy.
Missiles
 j - 5 poisoned darts
 m - 13 javelins
 L - 5 boomerangs of dispersal
Armour
 a - a +0 cloak of preservation
 g - a scarf of repulsion (worn)
 y - a +1 pair of gloves (worn)
 I - a +2 robe of willpower
 J - a +0 pair of boots (worn)
 N - the +3 salamander hide armour (worn) {Flames rF++ rC--}
   (You found it in a Gauntlet)

   It surrounds you with a cloud of flames.
   It grants immunity to clouds of flame.
   It enhances your fire magic.
   rF:        It greatly protects you from fire.
   rC:        It makes you very vulnerable to cold.
Magical Staves
 r - a staff of fire (weapon)
 P - a staff of cold
 Q - a staff of conjuration
Jewellery
 b - a ring of ice (right hand)
 c - a ring of positive energy
 n - a +4 ring of evasion (left hand)
 s - a ring of flight
 z - a ring of magical power
 H - a ring of poison resistance
 O - the amulet of Vitality (around neck) {Regen+ HP+15}
   (You took it off a minotaur in a Gauntlet)

   [amulet of regeneration]

   HP:        It affects your health (+15).
   Regen:     It increases your rate of health regeneration.
Wands
 k - a wand of flame (89)
 l - a wand of digging (7)
 u - a wand of polymorph (6)
 R - a wand of mindburst (9)
Scrolls
 i - a scroll of fear
 t - a scroll of blinking
 C - a scroll of magic mapping
 E - 4 scrolls of teleportation
 G - 11 scrolls of identify
Potions
 d - 2 potions of berserk rage
 e - 10 potions of flight
 f - 7 potions of curing
 h - 3 potions of might
 o - 2 potions of heal wounds
 p - a potion of resistance {unknown}
 q - 2 potions of brilliance
 v - 2 potions of lignification
 w - a potion of cancellation
 x - a potion of haste
 B - a potion of invisibility


   Skills:
 + Level 9.4 Fighting
 + Level 5.6 Armour
 + Level 9.8 Dodging
 - Level 1.7 Stealth
 + Level 8.9 Spellcasting
 - Level 6.0 Conjurations
 + Level 2.3 Translocations
 + Level 1.9 Transmutations
 + Level 5.7 Fire Magic
 + Level 11.4 Air Magic
 + Level 1.7 Earth Magic
 - Level 7.0 Evocations


You had 11 spell levels left.
You knew the following spells:

 Your Spells              Type           Power      Damage    Failure   Level
a - Shock                 Conj/Air       100%       1d9       1%          1
b - Static Discharge      Conj/Air       64%        N/A       1%          2
c - Swiftness             Air            74%        N/A       1%          3
d - Airstrike             Air            37%        N/A       1%          4
e - Scorch                Fire           100%       2d10      1%          2
f - Flame Wave            Conj/Fire      88%        2d15      3%          4
g - Apportation           Tloc           60%        N/A       1%          1
h - Passwall              Tmut/Erth      21%        N/A       3%          2

Your spell library contained the following spells:

 Spells                   Type           Power      Damage    Failure   Level
 Sandblast                Erth           52%        2d12      1%          1
 Stone Arrow              Conj/Erth      80%        3d12      2%          3
 Confusing Touch          Hex            14%        N/A       13%         3
 Animate Armour           Summ/Erth      40%        N/A       28%         4
 Alistair's Intoxication  Tmut/Pois      14%        N/A       61%         5
 Yara's Violent Unravell  Hex/Tmut       10%        3d6       61%         5
 Summon Cactus Giant      Summ           7%         N/A       100%        6
 Enfeeble                 Hex            7%         N/A       100%        7
 Lehudib's Crystal Spear  Conj/Erth      20%        10d6      100%        8


Dungeon Overview and Level Annotations

Branches:
Dungeon (11/15)            Temple (0/1) D:5            Lair (5/6) D:11
  Swamp (0/4) Lair:3       Spider (0/4) Lair:2          Orc (0/2) D:11
Volcano (visited)         Gauntlet (visited)
  Slime: Lair:5-6

Shops:
D:6 !


Innate Abilities, Weirdness & Mutations

You have an increased reservoir of magic. (+10% MP)
You shall have no god before yourself.
Your divine heritage dramatically boosts your attributes as you level up.


Message History

The death yak is engulfed in blazing flames.
The death yak gores you!
* * * LOW HITPOINT WARNING * * *
The death yak is engulfed in blazing flames.
The death yak barely misses you. The death yak gores you!
* * * LOW HITPOINT WARNING * * *
The death yak is engulfed in blazing flames.
You kill the death yak!
Unknown command.
Casting: Scorch (safe; 1% risk of failure)
Confirm with . or Enter, or press ? or * to list all spells.
You feel a strong surge of power!
Flames lash the death yak.
The death yak is burned terribly!
The death yak is moderately wounded.
You hear a bellow!
The death yak is engulfed in blazing flames.
The death yak misses you.
A catoblepas comes into view.
The death yak is engulfed in blazing flames.
The death yak is engulfed in blazing flames.
The death yak barely misses you.
The death yak is engulfed in blazing flames.
A cane toad comes into view.
The death yak is engulfed in blazing flames.
The death yak gores you but does no damage.
The death yak is engulfed in blazing flames.
The death yak gores you!!
* * * LOW HITPOINT WARNING * * *
Unknown command.
The cane toad gives a loud, deep croak!
The death yak is engulfed in blazing flames. x2
You kill the death yak!
The death yak is engulfed in blazing flames.
Training target 6.0 for Conjurations reached!
Your Conjurations skill increases to level 6!
You have reached level 14!
The death yak is engulfed in blazing flames. x3
The death yak gores you!!
You die...

..... #...#P.......#.....
....P##.............#...#
....................#....
....Y.<.............##...
.......○○................ #
.......☼Y☼............... #
......○○○○............... #
......○○YYP.F...........[ #
....###°@☼P.............. # #..
#○☼○........#...... # ..
#...##.....##...P...
##.....#.....#..P##......##......
.##.........###..P##.....#.......
###...#.....###..##.....###......
##.... #....P.##.#P......#..#..##
##..#+###.....#..#.......#.....#
#..#...#.........#PP.(....#.#....


You could see 3 death yaks, a catoblepas and a cane toad.

Vanquished Creatures
  Kirke (Lair:3)
  A minotaur (Gauntlet)
  A red draconian (Volcano)
  A fire dragon (Lair:3)
  5 hydras
  2 boulder beetles (D:11)
  4 two-headed ogres
  5 death yaks
  A salamander mystic (Volcano)
  Pikel (D:3)
  3 orc knights
  A necromancer (Gauntlet)
  3 cyclopes
  4 salamanders (Volcano)
  15 elephants
  A black mamba (Lair:1)
  5 molten gargoyles
  5 cane toads
  2 gargoyles
  4 komodo dragons
  2 rime drakes
  An ice devil (Gauntlet)
  An unseen horror (D:11)
  A queen bee (Gauntlet)
  4 trolls
  3 polar bears
  19 blink frogs
  A hornet (D:10)
  Sigmund (D:4)
  2 shadows
  A centaur simulacrum (Gauntlet)
  A vampire (D:11)
  A water elemental (D:11)
  2 wyverns
  Eustachio (D:4)
  37 yaks
  3 redbacks (Lair:2)
  5 hogs (Lair:4)
  3 vampire mosquitoes (D:11)
  3 acid dragons
  2 hell hounds (D:10)
  16 water moccasins
  A sky beast (D:7)
  A meliai simulacrum (Gauntlet)
  A black bear (D:5)
  3 necrophages
  15 orc warriors
  5 ogres
  18 wolves
  3 centaurs
  A phantom (D:5)
  2 lemures
  A gnoll sergeant (D:7)
  11 bullfrogs
  2 scorpions
  A cane toad simulacrum (Gauntlet)
  A water moccasin zombie (D:6)
  A wyvern skeleton (D:6)
  17 killer bees
  4 wights (D:9)
  5 howler monkeys
  5 electric eels
  5 lava snakes (Lair:4)
  A bullfrog zombie (D:7)
  10 centaur zombies
  2 jellies
  8 orc priests
  A bullfrog skeleton (D:5)
  A centaur skeleton (D:6)
  A gnoll shaman (D:8)
  A scorpion zombie (D:5)
  4 iguanas
  12 orc wizards
  A killer bee zombie (D:6)
  A hound skeleton (D:5)
  A mummy (D:4)
  A howler monkey skeleton (D:6)
  8 gnolls
  7 adders
  3 white imps (Gauntlet)
  An ufetubus (D:5)
  3 worms
  A dart slug (D:1)
  43 orcs
  4 endoplasms
  4 giant cockroaches
  A goblin (D:4)
  6 hobgoblins
  3 jackals (D:4)
  A quokka (D:2)
  4 ball pythons
  4 bats
  18 frilled lizards
  7 kobolds
  3 rats
  A bush (Lair:1)
445 creatures vanquished.

Vanquished Creatures (others)
  89 fungi
  101 plants
190 creatures vanquished.

Grand Total: 635 creatures vanquished

Notes
Turn   | Place    | Note
-------+----------+-------------------------------------------
     0 | D:1      | pkoi the Demigod Air Elementalist began the quest for the
                  | Orb.
     0 | D:1      | Reached XP level 1. HP: 14/14 MP: 5/5
   221 | D:1      | Reached skill level 3 in Air Magic
   619 | D:1      | Reached XP level 2. HP: 20/20 MP: 1/7
  2025 | D:2      | Reached XP level 3. HP: 26/26 MP: 5/8
  2184 | D:2      | Reached skill level 4 in Air Magic
  2305 | D:2      | Learned a level 2 spell: Static Discharge
  3704 | D:3      | Reached XP level 4. HP: 31/33 MP: 0/9
  3782 | D:3      | Learned a level 3 spell: Swiftness
  3827 | D:3      | Noticed an ogre
  4117 | D:3      | Killed an ogre
  4118 | D:3      | Reached skill level 5 in Air Magic
  4118 | D:3      | Reached XP level 5. HP: 39/39 MP: 3/10
  4454 | D:4      | Noticed Pikel
  4456 | D:4      | Noticed an ice beast
  4678 | D:4      | Reached skill level 1 in Fighting
  4678 | D:4      | Reached skill level 1 in Evocations
  4861 | D:4      | Noticed an ogre
  4901 | D:4      | Noticed a necrophage
  4903 | D:4      | Noticed Eustachio
  4937 | D:4      | Killed a necrophage
  4938 | D:4      | Reached XP level 6. HP: 20/47 MP: 2/12
  5717 | D:4      | Killed Eustachio
  5718 | D:4      | Reached XP level 7. HP: 28/55 MP: 1/14
  6046 | D:3      | Killed Pikel
  6047 | D:3      | Reached skill level 6 in Air Magic
  6388 | D:4      | Noticed Sigmund
  6398 | D:4      | Learned a level 4 spell: Airstrike
  6404 | D:4      | Killed Sigmund
  6405 | D:4      | Reached XP level 8. HP: 63/63 MP: 3/16
  6885 | D:5      | Entered Level 5 of the Dungeon
  7350 | D:5      | Found a staircase to the Ecumenical Temple.
  7356 | D:5      | Reached skill level 7 in Air Magic
  8834 | D:5      | Identified the +7 dagger of the World {protect, *Noise
                  | Str+4 Dex+2 SInv Stlth+}
  9039 | D:6      | Found Gial's Distillery.
  9867 | D:6      | Bought a potion of mutation for 96 gold pieces
  9867 | D:6      | Bought a potion of degeneration for 12 gold pieces
 11722 | D:7      | Reached XP level 9. HP: 71/71 MP: 5/18
 12847 | D:8      | Reached skill level 5 in Dodging
 12847 | D:8      | Reached skill level 8 in Air Magic
 12855 | D:8      | HP: 3/72 [poisoned by a killer bee]
 13864 | D:8      | Identified the +6 scale mail of Contumacious Music {Dex+4}
 14097 | D:9      | Reached skill level 5 in Evocations
 14100 | D:9      | Reached skill level 5 in Fighting
 14193 | D:9      | Reached skill level 5 in Spellcasting
 14411 | D:9      | Noticed a two-headed ogre
 15944 | D:9      | Killed a two-headed ogre
 15945 | D:9      | Reached XP level 10. HP: 80/81 MP: 1/22
 17063 | D:10     | Entered Level 10 of the Dungeon
 18361 | D:10     | Reached skill level 9 in Air Magic
 18699 | D:10     | Noticed an eight-headed hydra
 19291 | D:10     | Noticed a two-headed ogre
 19291 | D:10     | Noticed a cyclops
 19291 | D:10     | Noticed an orc knight
 20326 | D:10     | Killed an eight-headed hydra
 20327 | D:10     | Reached XP level 11. HP: 91/91 MP: 4/24
 21873 | D:10     | Killed an orc knight
 22893 | D:10     | Killed a two-headed ogre
 23435 | D:11     | Found a gate leading to a gauntlet.
 23438 | Gauntlet | Entered a Gauntlet
 23438 | Gauntlet | Noticed a necromancer
 23438 | Gauntlet | Found a transporter.
 23438 | Gauntlet | Found a transporter.
 23443 | Gauntlet | Found a transporter.
 23444 | Gauntlet | Noticed a quicksilver ooze
 23445 | Gauntlet | Noticed a sixfirhy
 23453 | Gauntlet | Found a transporter.
 23455 | Gauntlet | Found a large runed translucent door.
 23456 | Gauntlet | Found a large runed translucent door.
 23457 | Gauntlet | Found a large runed translucent door.
 23457 | Gauntlet | Found a large runed translucent door.
 23457 | Gauntlet | Found a large runed translucent door.
 23458 | Gauntlet | Found a transporter.
 23459 | Gauntlet | Found a large runed translucent door.
 23471 | Gauntlet | Noticed a sixfirhy
 23472 | Gauntlet | Found a transporter.
 23475 | Gauntlet | Noticed a sixfirhy
 23476 | Gauntlet | Found a transporter.
 23477 | Gauntlet | Noticed a sixfirhy
 23494 | Gauntlet | Found a transporter.
 23498 | Gauntlet | Found a transporter.
 23550 | Gauntlet | Found a transporter.
 23554 | Gauntlet | Found the +3 salamander hide armour {Flames rF++ rC--}
 23560 | Gauntlet | Found a transporter.
 23562 | Gauntlet | Found a large runed translucent door.
 23563 | Gauntlet | Found a large runed translucent door.
 23564 | Gauntlet | Found a large runed translucent door.
 23564 | Gauntlet | Found a large runed translucent door.
 23564 | Gauntlet | Found a runed translucent door.
 23564 | Gauntlet | Found a runed translucent door.
 23565 | Gauntlet | Found a large runed translucent door.
 23566 | Gauntlet | Found a large runed translucent door.
 23567 | Gauntlet | Found a large runed translucent door.
 23567 | Gauntlet | Found a large runed translucent door.
 23568 | Gauntlet | Found a runed translucent gate.
 23568 | Gauntlet | Found a runed translucent gate.
 23568 | Gauntlet | Found a runed translucent gate.
 23570 | Gauntlet | Found a transporter.
 23579 | Gauntlet | Found a large runed translucent door.
 23580 | Gauntlet | Found a large runed translucent door.
 23686 | Gauntlet | Learned a level 2 spell: Scorch
 23695 | Gauntlet | Learned a level 4 spell: Flame Wave
 23746 | Gauntlet | Reached skill level 1 in Conjurations
 23748 | Gauntlet | Killed a necromancer
 24115 | Gauntlet | Reached skill level 1 in Fire Magic
 24602 | Gauntlet | Noticed a minotaur
 24611 | Gauntlet | Killed a minotaur
 24612 | Gauntlet | Reached skill level 10 in Air Magic
 24801 | D:11     | Noticed a two-headed ogre
 24805 | D:11     | Killed a two-headed ogre
 24846 | D:11     | Reached skill level 1 in Armour
 25313 | D:11     | Noticed a boulder beetle
 25327 | D:11     | Killed a boulder beetle
 25842 | D:11     | Found a staircase to the Orcish Mines.
 26156 | D:11     | Noticed a boulder beetle
 26169 | D:11     | Killed a boulder beetle
 26464 | D:11     | Reached XP level 12. HP: 101/101 MP: 24/27
 26500 | D:11     | Found a staircase to the Lair.
 27575 | Lair:1   | Entered Level 1 of the Lair of Beasts
 27586 | Lair:1   | Noticed a five-headed hydra
 27598 | Lair:1   | Killed a five-headed hydra
 28560 | Lair:2   | Found a hole to the Spider Nest.
 28633 | Lair:2   | Noticed a seven-headed hydra
 28639 | Lair:2   | Killed a seven-headed hydra
 29324 | Lair:2   | Reached XP level 13. HP: 98/108 MP: 8/29
 30254 | Lair:3   | Found a dark tunnel.
 30259 | Volcano  | Entered a volcano
 30892 | Volcano  | Reached skill level 5 in Conjurations
 31080 | Volcano  | Reached skill level 11 in Air Magic
 31380 | Volcano  | Noticed a red draconian
 31394 | Volcano  | Killed a red draconian
 31760 | Volcano  | Noticed an orb of fire
 31799 | Volcano  | Noticed an orb of fire
 31820 | Volcano  | Reached skill level 5 in Fire Magic
 32545 | Lair:3   | Learned a level 1 spell: Apportation
 32866 | Lair:3   | Found a staircase to the Swamp.
 33119 | Lair:3   | Reached skill level 5 in Armour
 33134 | Lair:3   | Reached skill level 1 in Translocations
 33968 | D:8      | Learned a level 2 spell: Passwall
 34126 | Lair:4   | Noticed Kirke
 34145 | Lair:4   | Noticed a sphinx
 34442 | Lair:3   | Killed Kirke
 34626 | Lair:4   | Reached skill level 1 in Transmutations
 35052 | Lair:4   | Reached skill level 1 in Earth Magic
 36265 | Lair:5   | Reached XP level 14. HP: 16/118 MP: 14/31
 36265 | Lair:5   | Slain by a death yak

Illustrated notes

Levels and vault maps discovered:
D:1:      sevenhm_arrival_forest_fort_small_3, layout_loops_ring,
          basic_ecumenical_altar, minmay_lizard_pond
D:2:      layout_basic, serial_forest, infiniplex_forest_clump_medium,
          infiniplex_forest_clump_diagonal, infiniplex_forest_fountain,
          infiniplex_forest_zigzag_1
D:3:      layout_loops_ring, vehumet_crystals, feat_on_display
D:4:      layout_basic, gup_ossuary_entry_pyramid, uniq_eustachio, uniq_pikel,
          uniq_sigmund
D:5:      layout_basic, lemuel_coloured_pillars_altar,
          nicolae_qazlal_scattered_showers, minmay_temple_entry_waves
D:6:      layout_rooms, chequers_temple_overflow_statue_of_worship,
          nicolae_elyvilon_temple_path, serial_rivers,
          chequers_serial_rivers_large_a, chequers_serial_rivers_small_b,
          chequers_serial_rivers_micro_b, chequers_serial_rivers_small_b,
          chequers_serial_rivers_micro_c, minmay_hedge_maze,
          kennysheep_small_circle
D:7:      layout_basic, nicolae_overflow_squiral, nemelex_spade_bored_becter
D:8:      layout_basic, serial_bayou_pond_b
D:9:      layout_cave_pods
D:10:     nzn_winding_woodlands_cross [nzn_winding_woodlands_5x15_concentric,
          nzn_winding_woodlands_5x15_sawtooth,
          nzn_winding_woodlands_5x15_river_crossing,
          nzn_winding_woodlands_5x15_jagged,
          nzn_winding_woodlands_15x15_killbox], layout_cave_pools,
          minmay_rotating_lava
D:11:     layout_roguey [special_room_orc], lair_entry_dummy, erik_orc_2,
          gauntlet_entry_generic, tso_metal_star
Lair:1:   layout_misc_corridors
Lair:2:   layout_loops_ring, spider_nest_entry_webs, st_stairs_7,
          chequers_serial_rivers_room_a, infiniplex_staircase_pool,
          grunt_megastairs_5
Lair:3:   dragon1_lemuel, layout_gridlike, swamp_mist_pool,
          nicolae_volcano_entry_s_turn, serial_bayou_shore_a,
          infiniplex_staircase_pool_2, serial_bayou_shore_b
Lair:4:   cheibrodos_magma_flow, layout_loops_ring, uniq_kirke
Lair:5:   layout_regular_city, chequers_serial_rivers_small_3,
          small_statue_intersection, chequers_serial_rivers_room_b,
          serial_bayou_pond_e

Skill      XL: |  1  2  3  4  5  6  7  8  9 10 11 12 13 |
---------------+----------------------------------------+-----
Air Magic      | 3 4 5 6 7 8 9 10 11 | 11.4
Dodging        | 2 3 4 6 7 8 9 |  9.8
Spellcasting   | 2 3 4 5 6 7 8 |  8.9
Fighting       | 1 2 3 4 5 6 7 8 9 |  9.4
Evocations     | 1 2 3 4 5 6 7 |  7.0
Conjurations   | 2 4 6 |  6.0
Fire Magic     | 2 4 5 |  5.7
Armour         | 1 4 5 |  5.6
Translocations | 2 |  2.3
Transmutations | 1 |  1.9
Earth Magic    | 1 |  1.7
Stealth        | |  1.7

Action                   |  1- 3 |  4- 6 |  7- 9 | 10-12 | 13-15 || total
-------------------------+-------+-------+-------+-------+-------++-------
Melee: Dagger            |    34 |    20 |    10 |    24 |       ||    88
       Rapier            |       |       |    14 |       |       ||    14
       Punch             |       |       |     1 |       |     1 ||     2
       Staff             |       |       |       |    12 |    14 ||    26
       Unarmed           |       |       |       |       |     1 ||     1
 Cast: Shock             |    86 |    93 |   124 |    14 |    10 ||   327
       Airstrike         |       |       |    94 |   136 |    64 ||   294
       Static Discharge  |       |       |    16 |    43 |     3 ||    62
       Swiftness         |       |       |       |     4 |       ||     4
       Scorch            |       |       |       |   123 |    61 ||   184
       Flame Wave        |       |       |       |     3 |    14 ||    17
Evoke: Wand              |       |       |     2 |       |       ||     2
  Use: Scroll            |       |     7 |    13 |     1 |     2 ||    23
 Stab: Sleeping          |       |     2 |       |       |       ||     2
Armor: Robe              |     6 |     9 |     8 |    28 |       ||    51
       Leather armour    |       |       |       |    25 |    30 ||    55
Dodge: Dodged            |    25 |    44 |   104 |   260 |   141 ||   574
       Repelled          |       |       |       |     3 |     3 ||     6
Block: Other             |       |       |       |    35 |       ||    35
       Reflection        |       |       |       |     2 |       ||     2
